 Dungeon Crawl Stone Soup version 0.31-a0-1074-g0b22e4e0f1 (webtiles) character file.

Game seed: 16630335833703923360

5532 timneilson the Ruffian (level 10, -4/69 HPs)
             Began as an Octopode Shapeshifter on Dec 2, 2023.
             Was an Initiate of Gozag.
             Slain by a freezing wraith (5 damage)
             ... on level 8 of the Dungeon.
             The game lasted 00:20:29 (6741 turns).

timneilson the Ruffian (Octopode Shapeshifter)      Turns: 6741, Time: 00:20:30

Health: -4/69      AC:  1    Str: 23    XL:     10   Next: 71%
Magic:  0/10       EV: 20    Int: 11    God:    Gozag
Gold:   1056       SH:  6    Dex: 12    Spells: 9/9 levels left

rFire   . .          .
                       - Unarmed
rCold   . . .        e - +1 buckler
rNeg    . . .        (helmet currently unavailable)
rPois   .            l - amulet of guardian spirit
rElec   .            f - ring "Obrih" {Slay+4 SInv}
rCorr   .            p - ring of flight
SInv    +            E - +5 ring of evasion
Will    .....        F - +6 ring of strength
Stlth   ++++         (no ring)
HPRegen 0.31/turn    (no ring)
MPRegen 0.12/turn    (no ring)
                     (no ring)

%: guardian spirit
@: beast-form, flying, slowed, very slow
A: beast (slay +3), almost no armour, amphibious, 8 rings, camouflage 1,
gelatinous body 1, (nimble swimmer 1), tentacles, dopey 1, wild magic 1
a: Begin Untransformation, Renounce Religion, Potion Petition, Call Merchant,
Bribe Branch


You were on level 8 of the Dungeon.
You worshipped Gozag.
Gozag was most pleased with you.
You were a hulking beast.
You visited 2 branches of the dungeon, and saw 9 of its levels.
You also visited: Sewer and Ossuary.

You collected 2736 gold pieces.
You spent 936 gold pieces at shops.
You paid 744 gold pieces to Gozag.

Inventory:

Armour
 e - a +1 buckler (worn)
Jewellery
 f - the ring "Obrih" (left tentacle) {Slay+4 SInv}
   (You acquired it on level 2 of the Dungeon)

   [ring of slaying]

   Slay+4:    It affects your accuracy & damage with ranged weapons and melee
   (+4).
   SInv:      It lets you see invisible.
 l - an amulet of guardian spirit (around mantle)
 p - a ring of flight (right tentacle)
 E - a +5 ring of evasion (on tentacle)
 F - a +6 ring of strength (on tentacle)
Talismans
 b - a beast talisman
 c - a flux talisman
 s - a blade talisman
 u - a serpent talisman
Wands
 m - a wand of polymorph (11)
 w - a wand of iceblast (12)
 y - a wand of flame (22)
Scrolls
 k - 3 scrolls of teleportation
 o - a scroll of fog
 t - a scroll of torment
 z - 3 scrolls of poison
 B - a scroll of immolation
 C - a scroll of blinking
 D - a scroll of amnesia
Potions
 a - 3 potions of lignification
 d - 5 potions of curing
 g - 2 potions of magic
 h - 4 potions of resistance
 i - a potion of brilliance {unknown}
 j - 2 potions of mutation
 n - 4 potions of might {unknown}
 q - 4 potions of heal wounds {unknown}
 r - 3 potions of haste {unknown}
 v - 2 potions of ambrosia {unknown}
 x - a potion of berserk rage {unknown}
 A - a potion of invisibility {unknown}


   Skills:
 * Level 6.7 Fighting
 * Level 7.0 Dodging
 + Level 7.0 Stealth
 + Level 4.3 Shields
 * Level 7.3 Unarmed Combat
 + Level 4.6 Evocations
 * Level 6.8 Shapeshifting


You had 9 spell levels left.
You didn't know any spells.
Your spell library contained the following spells:

 Spells                   Type           Power      Damage    Failure   Level
 Shock                    Conj/Air       0%         1d3       47%         1
 Sting                    Tmut/Pois      0%         1d3       47%         1
 Blink                    Tloc           0%         N/A       63%         2
 Cigotuvi's Dreadful Rot  Necr/Pois/Air  0%         N/A       63%         2
 Lesser Beckoning         Tloc           0%         N/A       63%         2
 Momentum Strike          Conj/Tloc      0%         3d8       63%         2
 Poisonous Vapours        Pois/Air       0%         N/A       63%         2
 Frozen Ramparts          Ice            0%         1d1       83%         3
 Swiftness                Air            0%         N/A       83%         3
 Airstrike                Air            0%         2d(0-16)  99%         4
 Dispel Undead            Necr           0%         3d6       99%         4
 Olgreb's Toxic Radiance  Pois           0%         N/A       99%         4
 Petrify                  Tmut/Erth      0%         N/A       99%         4
 Metabolic Englaciation   Hex/Ice        0%         N/A       100%        5
 Death Channel            Necr           0%         N/A       100%        6


Dungeon Overview and Level Annotations

Branches:
Dungeon (8/15)             Temple (1/1) D:4           Sewer (visited)
Ossuary (visited)
   Lair: D:8-11

Altars:
Ashenzari
Cheibriados
Dithmenos
Elyvilon
Fedhas
Gozag
Hepliaklqana
Kikubaaqudgha
Makhleb
Nemelex Xobeh
Okawaru
Qazlal
Ru
Sif Muna
Trog
Uskayaw
Vehumet
Wu Jian
Xom
Yredelemnul
Zin
The Shining One

Shops:
D:6 =

Annotations:
D:7 2 transporters, Grum


Innate Abilities, Weirdness & Mutations

You are a hulking beast.
Your limbs bulge with bestial killing power. (Slay +3)
You cannot wear most types of armour.
You are amphibious.
You can wear up to eight rings at the same time.
Your skin changes colour to match your surroundings (Stealth+).
Your rubbery body absorbs attacks. (AC +1, EV +1)
((You are camouflaged when in or above water. (Stealth+)))
You have tentacles for arms and can constrict up to eight enemies at once.
You are dopey. (Int -2)
Your spells are a little harder to cast, but a little more powerful.


Message History

You hear an angry buzzing noise.
You hear an angry hiss. x2
You hear an angry buzzing noise.
You hear a shout! x2
The gnoll sergeant is no longer distracted by gold.
The howler monkey is distracted by your dazzling golden aura.
The gnoll sergeant attacks as it pursues you!
You block the gnoll sergeant's attack.
You closely miss the gnoll sergeant. You grab the gnoll sergeant.
You constrict the gnoll sergeant. You bludgeon the gnoll sergeant!
The gnoll sergeant is heavily wounded.
You constrict the gnoll sergeant, but do no damage.
The gnoll sergeant hits you with a +2 heavy spear!
You batter the gnoll sergeant!!
You kill the gnoll sergeant!
It was a potion of mutation.
You feel extremely strange.
You feel stupid.
You feel less in control of your magic. You block the bullfrog's attack. x2
Unknown command.
You bludgeon the bullfrog! You grab the bullfrog.
The bullfrog is severely wounded.
You constrict the bullfrog. The bullfrog misses you.
You tentacle-slap the bullfrog. You squeeze the bullfrog.
You kill the bullfrog!
You tentacle-slap the freezing wraith but do no damage.
The freezing wraith barely misses you. The freezing wraith hits you.
The freezing wraith drains your vigour!
You feel yourself slow down.
You barely miss the freezing wraith. You squeeze the freezing wraith!
The freezing wraith is moderately damaged.
You block the freezing wraith's attack. The freezing wraith hits you!
The freezing wraith drains your vigour!
You feel as though you will be slow longer.
You closely miss the freezing wraith.
The freezing wraith is moderately damaged.
The freezing wraith hits you!
* * * LOW HITPOINT WARNING * * *
The freezing wraith freezes you!
* * * LOW HITPOINT WARNING * * *
The freezing wraith hits you.
You die...
Your body crumbles into a pile of gold.

....
#...........#...##....
....
#...........#....#....
....
#...........#....#...#
##################....'
.. ♣..♣♣#...).#.####
♣.♣ ♣.
♣.♣.♣♣.♣♣♣.#..... .♣
♣:♣♣♣♣.♣♣...♣ ♣.......
♣.♣
♣.♣W♣♣.♣♣♣.♣♣♣.#.....
.♣ ♣..♣h..♣
#.....#..... # ♣g♣#####
#######...[. ♣F♣ #....#
♣.♣ #....#


.KK #....# .Wh.. #...)# '#####K #....# o# #. #...)# W. .. #....# You could see a
freezing wraith.

Vanquished Creatures
  A two-headed ogre (D:8)
  A yaktaur (D:8)
  A hornet (D:7)
  2 wyverns
  A basilisk (D:8)
  A steam dragon (D:8)
  A water moccasin (D:8)
  5 orc warriors
  3 ice beasts
  2 sky beasts
  A black bear (D:5)
  2 ogres (D:6)
  2 phantoms
  An elf zombie (Ossuary)
  6 kobold brigands
  2 bullfrogs
  2 gnoll sergeants (D:8)
  3 scorpions
  4 wights (D:7)
  3 howler monkeys
  A centaur zombie (Ossuary)
  4 hounds
  4 human zombies (Ossuary)
  4 orc priests
  4 jellies
  A sleepcap (D:6)
  13 orc wizards
  2 mummies (Ossuary)
  Robin (D:3)
  8 gnolls
  7 adders
  2 river rats
  A shadow imp (D:7)
  A white imp (D:7)
  2 ufetubi (D:5)
  5 worms
  3 dart slugs
  16 orcs
  4 endoplasms
  3 giant cockroaches
  13 goblins
  9 hobgoblins
  3 jackals (D:4)
  2 quokkas
  14 ball pythons
  A bat (D:1)
  4 frilled lizards
  2 goblin zombies (Ossuary)
  11 hobgoblin zombies (Ossuary)
  A jackal zombie (Ossuary)
  39 kobolds
  8 kobold zombies (Ossuary)
  6 orc zombies (Ossuary)
  12 rats
  2 rat zombies (Ossuary)
257 creatures vanquished.

Notes
Turn   | Place    | Note
-------+----------+-------------------------------------------
     0 | D:1      | timneilson the Octopode Shapeshifter began the quest for
                  | the Orb.
     0 | D:1      | Reached XP level 1. HP: 13/13 MP: 1/1
   275 | D:1      | Reached XP level 2. HP: 11/18 MP: 2/2
   423 | D:1      | Reached skill level 1 in Stealth
   598 | D:1      | Reached XP level 3. HP: 23/23 MP: 3/3
  1225 | D:2      | Found a stormy altar of Qazlal.
  1562 | D:2      | Identified a scroll of acquirement
  1562 | D:2      | Acquired the ring "Obrih" {Slay+4 SInv}
  1772 | D:3      | Found a blossoming altar of Fedhas.
  1914 | D:3      | Reached XP level 4. HP: 29/29 MP: 4/4
  2242 | D:4      | Noticed Robin
  2277 | D:3      | Reached XP level 5. HP: 21/34 MP: 2/5
  2342 | D:3      | Killed Robin
  2390 | D:4      | Found a staircase to the Ecumenical Temple.
  2408 | Temple   | Entered the Ecumenical Temple
  2429 | Temple   | Became a worshipper of Gozag Ym Sagoz the Greedy
  2460 | D:4      | Found a sand-covered staircase.
  2481 | Ossuary  | Entered an ossuary
  2653 | Ossuary  | Reached skill level 1 in Shields
  2658 | Ossuary  | Reached XP level 6. HP: 33/41 MP: 2/6
  2722 | Ossuary  | Reached skill level 1 in Evocations
  2910 | D:4      | Reached XP level 7. HP: 36/46 MP: 5/7
  3080 | D:4      | Found a shadowy altar of Dithmenos.
  3154 | D:4      | Found a sacrificial altar of Ru.
  3157 | D:4      | Found a shimmering altar of Xom.
  3160 | D:4      | Found a stormy altar of Qazlal.
  3163 | D:4      | Found a broken altar of Ashenzari.
  3358 | D:5      | Entered Level 5 of the Dungeon
  3706 | D:5      | Reached XP level 8. HP: 54/54 MP: 8/8
  3943 | D:6      | Noticed a wyvern
  3994 | D:6      | Reached skill level 5 in Unarmed Combat
  4024 | D:6      | Found a glowing drain.
  4051 | D:6      | Reached skill level 5 in Shapeshifting
  4072 | Sewer    | Entered a sewer
  4504 | D:6      | Reached skill level 5 in Dodging
  4885 | D:6      | Killed a wyvern
  4886 | D:6      | Reached XP level 9. HP: 60/60 MP: 9/9
  4919 | D:6      | Acquired 1101 gold pieces
  4922 | D:6      | Bought a +5 ring of evasion for 468 gold pieces
  4922 | D:6      | Bought a +6 ring of strength for 468 gold pieces
  4984 | D:7      | Reached skill level 5 in Stealth
  5112 | D:7      | Reached skill level 5 in Fighting
  5312 | D:7      | Identified the -1 cloak of Burr {Will+}
  5436 | D:7      | Identified the +1 buckler of Disimufi {rPois rC+ Will+
                  | Int-3}
  5436 | D:7      | Identified the ring "Neun" {Ice Will- MP+9 Dex+8}
  5444 | D:7      | Noticed Grum
  5456 | D:7      | Found a transporter.
  5463 | D:7      | Found a transporter.
  5686 | D:7      | Noticed a hornet
  5695 | D:7      | Killed a hornet
  5907 | D:8      | Reached XP level 10. HP: 60/68 MP: 7/10
  5998 | D:8      | Noticed a two-headed ogre
  6585 | D:8      | Noticed a two-headed ogre
  6593 | D:8      | Killed a two-headed ogre
  6725 | D:8      | Noticed a gargoyle
  6736 | D:8      | Gained mutation: You are dopey. (Int -2) [potion of
                  | mutation]
  6736 | D:8      | Gained mutation: Your spells are a little harder to cast,
                  | but a little more powerful. [potion of mutation]
  6741 | D:8      | HP: 1/69 [freezing wraith (14)]
  6741 | D:8      | Slain by a freezing wraith

Illustrated notes

Levels and vault maps discovered:
D:1:      lightli_arrival_lavapool, layout_loops_cross, minmay_hedge_maze,
          minmay_indecisive_spiral
D:2:      layout_loops_ring, basic_altar, minivault_26,
          kennysheep_generic_room_9
D:3:      layout_loops_ring, overflow_temple_1_default
D:4:      layout_cave_pools, nicolae_dithmenos_the_darkroom,
          grunt_temple_overflow_cloverleaf, minmay_temple_entry_large_hall,
          nicolae_ossuary_entry_false_entrances, uniq_robin
D:5:      layout_cave_pools, minmay_a_box_with_orc_wizards_in_it
D:6:      layout_loops_ring, portal_sewer_entry_b
D:7:      layout_basic, gammafunk_ghost_gnarly_gnolls, chequers_arboretum
D:8:      nzn_winding_woodlands_large [nzn_winding_woodlands_5x5_checkerboard,
          nzn_winding_woodlands_5x15_jagged,
          nzn_winding_woodlands_5x5_perimeter,
          nzn_winding_woodlands_center_pierced_h,
          nzn_winding_woodlands_15x15_killbox,
          nzn_winding_woodlands_center_garden,
          nzn_winding_woodlands_5x5_open_star,
          nzn_winding_woodlands_5x15_pathside_ponds,
          nzn_winding_woodlands_5x5_three], layout_gridville,
          kennysheep_cross_bottleneck
Temple:   nicolae_temple_slightly_damp_pantheon

Skill      XL: |  1  2  3  4  5  6  7  8  9 10 |
---------------+-------------------------------+-----
Stealth        | 1 2 3 4 6 7 |  7.0
Fighting       | 2 3 4 5 6 |  6.7
Dodging        | 3 4 5 6 7 |  7.0
Shields        | 1 2 3 4 |  4.3
Evocations     | 1 2 3 4 |  4.6
Unarmed Combat | 4 5 6 7 |  7.3
Shapeshifting  | 4 5 6 |  6.8

Action                     |  1- 3 |  4- 6 |  7- 9 | 10-12 || total
---------------------------+-------+-------+-------+-------++-------
  Melee: Unarmed           |    77 |   124 |   193 |    91 ||   485
         Constrict         |    23 |    42 |    45 |    23 ||   133
         Tentacles         |     9 |    32 |    33 |    26 ||   100
         Punch             |     2 |     4 |    12 |     5 ||    23
 Invoke: Call Merchant     |       |       |     1 |       ||     1
    Use: Scroll            |     6 |     3 |     9 |       ||    18
         Potion            |       |       |       |     1 ||     1
   Stab: Sleeping          |    17 |     6 |    20 |     1 ||    44
         Distracted        |       |     1 |     1 |     1 ||     3
 Armour: Skin              |    21 |    48 |    54 |    26 ||   149
  Dodge: Dodged            |    29 |    74 |    86 |    43 ||   232
  Block: Buckler           |     2 |    14 |    30 |    21 ||    67

Table legend: (Time is in decaauts)
 A = Elapsed time spent in this place.
 B = Non-inter-level travel time spent in this place.
 C = Inter-level travel time spent in this place.
 D = Time resting spent in this place.
 E = Time spent auto-exploring this place.
 F = Levels seen in this place.
 G = Mean time per level.
                   A        B        C        D        E       F      G
               +--------+--------+--------+--------+--------+-----+--------+
         Total |   6720 |   6510 |    210 |    319 |   3397 |  11 |  610.9 |
       Dungeon |   5931 |   5761 |    170 |    217 |   3240 |   8 |  741.4 |
        Temple |     42 |      2 |     40 |      0 |      0 |   1 |   42.0 |
         Sewer |    401 |    401 |      0 |    102 |    102 |   1 |  401.0 |
       Ossuary |    343 |    343 |      0 |      0 |     55 |   1 |  343.0 |
               +--------+--------+--------+--------+--------+-----+--------+

Top non-repeatable levels by time:
     D:8: 880 daAuts
     D:7: 874 daAuts
     D:1: 824 daAuts
     D:2: 758 daAuts
     D:4: 713 daAuts
     D:3: 709 daAuts
     D:6: 623 daAuts
     D:5: 547 daAuts
   Sewer: 401 daAuts
 Ossuary: 343 daAuts
  Temple: 42 daAuts
